 Dungeon Crawl Stone Soup version 0.14.1-23-g35e4e54 (webtiles) character file.

127 Kae the Firebug (level 4, -12/24 HPs)
             Began as a Tengu Fire Elementalist on June 11, 2014.
             Mangled by Crazy Yiuf
             ... wielding a +2,+2 quarterstaff of chaos
              (21 damage)
             ... on Level 2 of the Dungeon.
             The game lasted 00:01:52 (2139 turns).

Kae the Firebug (Tengu Fire Elementalist)           Turns: 2139, Time: 00:01:52

HP -12/24        AC  2     Str  8      XL: 4   Next: 13%
MP   3/9         EV 12     Int 16      God:
Gold 62          SH  0     Dex 15      Spells:  1 memorised,  6 levels left

rFire  . . .     SeeInvis .     t - +0 mace
rCold  . . .     Clarity  .     a - +0 robe
rNeg   . . .     Conserve .     (no shield)
rPois  .         rCorr    .     (helmet restricted)
rElec  .         rRot     .     (no cloak)
SustAb . .       Spirit   .     (no gloves)
rMut   .         Warding  .     (boots unavailable)
Saprov . . .     Stasis   .     (no amulet)
MR     .....                    (no ring)
                                (no ring)

@: invisible, very slightly contaminated, not resistant to hostile enchantments,
fairly stealthy
A: beak, talons 3
a: no special abilities


You were on level 2 of the Dungeon.
You were not hungry.

You visited 1 branch of the dungeon, and saw 2 of its levels.

You collected 62 gold pieces.

Inventory:

Hand weapons
 t - a +0,+0 mace (weapon)
Armour
 a - a +0 robe (worn)
Comestibles
 c - 3 bread rations
 j - an apple
 n - a pear
 v - a chunk of quokka flesh
Scrolls
 d - 2 scrolls of remove curse {unknown}
 e - 2 scrolls of enchant weapon I {unknown}
 f - a scroll of random uselessness {unknown}
 i - a scroll of recharging {unknown}
 k - 2 scrolls of magic mapping {unknown}
 l - 2 scrolls of blinking {unknown}
 o - 3 scrolls of teleportation {unknown}
 r - a scroll of identify {unknown}
Jewellery
 u - an uncursed ring of fire {unknown}
Potions
 g - a potion of resistance {unknown}
 h - a potion of mutation {unknown}
 m - a potion of curing {unknown}
 p - a potion of brilliance {unknown}
 q - a potion of degeneration {unknown}
 s - 2 potions of haste {unknown}
Books
 b - a book of Flames

   Spells                             Type                      Level
   *Flame Tongue                      Conjuration/Fire             1
   Throw Flame                        Conjuration/Fire             2
   Conjure Flame                      Conjuration/Fire             3
   Inner Flame                        Hexes/Fire                   3
   Sticky Flame                       Conjuration/Fire             4
   Fireball                           Conjuration/Fire             5


   Skills:
 - Level 2.1 Dodging
 - Level 2.0 Stealth
 + Level 2.4 Spellcasting
 * Level 3.2 Conjurations
 * Level 4.2 Fire Magic


You had 6 spell levels left.
You knew the following spells:

 Your Spells              Type           Power        Failure   Level  Hunger
a - Flame Tongue          Conj/Fire      ##...        6%          1    #......


Dungeon Overview and Level Annotations

Branches:
Dungeon (2/15)

Altars:
Elyvilon

Annotations:
D:2 Crazy Yiuf


Innate Abilities, Weirdness & Mutations

You have a beak for a mouth.
You have claws for feet.


Message History

Crazy Yiuf hits you with a quarterstaff of chaos.
Casting: Flame Tongue
Confirm with . or Enter, or press ? or * to list all spells.
Aiming: Flame Tongue
Press: ? - help, Shift-Dir - straight line, f/p - Crazy Yiuf
Aim: Crazy Yiuf, wielding a quarterstaff of chaos and wearing a cloak (severely wounded)
The flame tongue hits Crazy Yiuf.
Crazy Yiuf is severely wounded.
Crazy Yiuf closely misses you.
Casting: Flame Tongue
Confirm with . or Enter, or press ? or * to list all spells.
Aiming: Flame Tongue
Press: ? - help, Shift-Dir - straight line, f/p - Crazy Yiuf
Aim: Crazy Yiuf, wielding a quarterstaff of chaos and wearing a cloak (severely wounded)
The flame tongue hits Crazy Yiuf.
Crazy Yiuf is almost dead.
Crazy Yiuf hits you with a quarterstaff of chaos.
You are electrocuted!
Ouch! That really hurt!
You die...

#........# #.#############
#.......<# #........#.....
#........# ###############
#.......## # #.......# #♣♣♣
# #.......# ####♣♣♣♣♣♣♣#
### #
#.......###..))♣♣♣♣♣♣#..)#
#
#...............♣♣♣♣.'...#
#
###.##.....@g....♣..♣#...#
# #.##.....#....♣.♣♣♣# ###
#.##.....###♣♣♣♣♣♣♣♣ #
#.##.....# #♣♣♣♣♣♣ #
#..#.....# ### #
########.#..[..##########.#
#
#......#.#.............##.#
#
#.####.#.#############.##.#
# #.# #.#.##..<....# #.##.#
#


You could see Crazy Yiuf.

Vanquished Creatures
  3 adders (D:2)
  A giant gecko (D:1)
  6 goblins
  5 hobgoblins
  8 jackals
  2 quokkas (D:2)
  4 bats
  A giant cockroach (D:1)
  2 giant newts (D:1)
  4 kobolds
  3 rats
39 creatures vanquished.

Notes
Turn   | Place    | Note
--------------------------------------------------------------
     0 | D:1      | Kae, the Tengu Fire Elementalist, began the quest for the Orb.
     0 | D:1      | Reached XP level 1. HP: 10/10 MP: 3/3
   200 | D:1      | Reached XP level 2. HP: 15/15 MP: 3/5
  1095 | D:2      | Reached skill level 4 in Fire Magic
  1095 | D:2      | Reached XP level 3. HP: 19/19 MP: 3/7
  1618 | D:2      | Found a white marble altar of Elyvilon.
  1665 | D:2      | Reached XP level 4. HP: 18/24 MP: 9/9
  2124 | D:2      | Noticed Crazy Yiuf
  2139 | D:2      | Mangled by Crazy Yiuf

Action                   |  1- 3 |  4- 6 || total
-------------------------+-------+-------++-------
Melee: Unarmed           |    29 |       ||    29
       Mace              |    10 |    11 ||    21
 Cast: Flame Tongue      |    43 |     6 ||    49
